 Dungeon Crawl Stone Soup version 0.27.1 (webtiles) character file.

Game seed: 5994928515035248088

608 jlumianski the Ducker (level 7, -2/50 HPs)
             Began as a Djinni Gladiator on Aug 26, 2021.
             Slain by a sky beast (5 damage)
             ... on level 4 of the Dungeon on Aug 27, 2021.
             The game lasted 00:35:42 (6508 turns).

jlumianski the Ducker (Djinni Gladiator)            Turns: 6508, Time: 00:35:46

Health: -2/50      AC:  6    Str: 13    XL:     7   Next: 71%
Gold:   230        EV: 12    Int: 12    God:
                   SH:  0    Dex: 14

rFire    + + .     SeeInvis .   q - +4 mace
rCold    x . .     Faith    .   (no shield)
rNeg     . . .     Spirit   .   s - +0 ring mail
rPois    ∞         Reflect  .   c - +0 helmet
rElec    .         Harm     .   (no cloak)
rCorr    +         Rampage  .   (no gloves)
Will     .....                  (boots unavailable)
Stlth    +.........             (no amulet)
HPRegen  0.16/turn              f - ring of resist corrosion
MPRegen  0.00/turn              (no ring)

@: flying
A: sickness immunity, fire resistance 2, cold vulnerability 1, float, innate
caster, hp casting, extra vitality 1
a: no special abilities


You were on level 4 of the Dungeon.
You visited 1 branch of the dungeon, and saw 5 of its levels.
You also visited: Ossuary.

You collected 230 gold pieces.

Inventory:

Hand Weapons
 a - a +0 war axe
 q - a +4 mace (weapon)
 r - a +0 hunting sling
Missiles
 d - 16 bolts
 h - 198 stones
 k - 17 poisoned darts (quivered)
 C - 16 sling bullets
Armour
 b - a +0 leather armour
 c - a +0 helmet (worn)
 m - a +0 chain mail
 s - a +0 ring mail (worn)
Jewellery
 f - a ring of resist corrosion (left hand)
Wands
 p - a wand of flame (32)
Scrolls
 e - 2 scrolls of fear {unknown}
 i - a scroll of holy word {unknown}
 j - 2 scrolls of enchant armour {unknown}
 l - 5 scrolls of identify {unknown}
 n - 3 scrolls of teleportation {unknown}
 o - a scroll of acquirement {unknown}
 x - a scroll of blinking {unknown}
 y - a scroll of noise {unknown}
 z - a scroll of fog {unknown}
Potions
 g - 2 potions of attraction
 t - a potion of cancellation {unknown}
 u - a potion of resistance {unknown}
 v - a potion of magic
 w - a potion of lignification {unknown}
 A - a potion of flight
 B - a potion of curing {unknown}


   Skills:
 * Level 3.6 Fighting
 + Level 3.5(4.0) Axes
 + Level 2.4(3.4) Maces & Flails
 + Level 1.1(1.6) Slings
 + Level 1.9(2.1) Throwing
 + Level 3.3 Armour
 + Level 3.8 Dodging
 + Level 0.1 Stealth
 * Level 1.7 Spellcasting


You had 3 spell levels left.
You knew the following spells:

 Your Spells              Type           Power      Damage    Failure   Level
a - Freeze                Ice            20%        1d4       28%         1
b - Slow                  Hex            5%         N/A       41%         2
c - Conjure Flame         Conj/Fire      5%         6-21      65%         3
Your spell library was empty.

Dungeon Overview and Level Annotations

Branches:
Dungeon (5/15)            Ossuary (visited)
 Temple: D:4-7

Altars:
Dithmenos


Innate Abilities, Weirdness & Mutations

You are immune to sickness and miasma.
You are immune to poison.
Your flesh is very heat resistant. (rF++)
You are vulnerable to cold. (rC-)
You float through the air rather than walking.
You learn spells naturally, not from books.
Your magical power is your life essence.
You have superior vitality. (+4 HP)


Message History

The centaur kicks you but does no damage.
The centaur hits you but does no damage.
The centaur closely misses you.
The sky beast hits you but does no damage.
The centaur wields a +0 shortbow.
The centaur shoots an arrow.
The arrow hits you!
The centaur shoots an arrow.
The arrow barely misses you.
The sky beast flickers out of sight!
Deactivating autopickup; reactivate with Ctrl-A.
The centaur shoots an arrow.
The arrow hits you.
There is a stone staircase leading up here.
The centaur shoots an arrow.
The arrow barely misses you. Something hits you but does no damage.
You fly upwards.
Reactivating autopickup.
There is a stone staircase leading down here.
Deactivating autopickup; reactivate with Ctrl-A.
You closely miss something.
A sky beast appears from thin air!
Reactivating autopickup.
The sky beast closely misses you.
You hit the sky beast.
The sky beast is lightly wounded.
The sky beast flickers out of sight!
Deactivating autopickup; reactivate with Ctrl-A.
Something hits you but does no damage.
You sock something! Something hits you but does no damage.
You miss something. Something hits you but does no damage.
Something completely misses you.
You hit something. Something hits you. Something shocks you.
* * * LOW HITPOINT WARNING * * *
You miss something. Something hits you but does no damage.
You miss something. Something hits you but does no damage.
You barely miss something. Something hits you.
* * * LOW HITPOINT WARNING * * *
Something shocks you.
* * * LOW HITPOINT WARNING * * *
Something hits you.
* * * LOW HITPOINT WARNING * * *
Something shocks you.
You die...

..........#.###.####...).....##..
#.........#####.#.#..............
#...#..:..# ##...................
#..###.##.# #....................
.....###..###...................#
......##..#....................##
......#.....#.................##
.........##.##.≈{.............#
.........#####..@.............#
.#...##########..............##
.#.....##.....................#
.......#.........#.....#.....###
.................##....#.......##
###...#...................#.....#
##..##..........#........#...###
#...............#.....######.#
#....†.......#.........# ###


There were no monsters in sight!

Vanquished Creatures
  A water moccasin (D:4)
  A necrophage (D:4)
  A bullfrog (D:4)
  A jelly (D:4)
  A gnoll shaman (D:4)
  A mummy (Ossuary)
  Robin (D:2)
  5 gnolls
  8 adders
  A river rat (D:3)
  An adder skeleton (D:4)
  2 worms
  A dart slug (D:3)
  5 orcs
  4 spectral bats (Ossuary)
  6 ball pythons
  A bat (D:1)
  5 endoplasms
  3 giant cockroaches
  12 gnoll zombies (Ossuary)
  11 goblins
  12 hobgoblins
  9 kobolds
  6 quokkas
  3 bat simulacra (Ossuary)
  6 frilled lizards (D:1)
  3 goblin zombies (Ossuary)
  6 hobgoblin zombies (Ossuary)
  2 kobold simulacra (Ossuary)
  4 kobold zombies (Ossuary)
  5 orc zombies (Ossuary)
  6 rats
  5 rat simulacra (Ossuary)
  A spectral goblin (D:2)
  4 spectral kobolds (Ossuary)
144 creatures vanquished.

Notes
Turn   | Place    | Note
-------+----------+-------------------------------------------
     0 | D:1      | jlumianski the Djinni Gladiator began the quest for the
                  | Orb.
     0 | D:1      | Reached XP level 1. HP: 18/18 MP: 0/0
    92 | D:1      | Reached XP level 2. HP: 21/23 MP: 0/0
   207 | D:1      | Got the Tome of Warped Beguiling
   335 | D:1      | Reached XP level 3. HP: 24/28 MP: 0/0
   335 | D:1      | Learned a level 1 spell: Freeze
  1121 | D:1      | Reached skill level 1 in Armour
  1121 | D:1      | Reached XP level 4. HP: 6/33 MP: 0/0
  1823 | D:2      | Found a faded altar of an unknown god.
  1943 | D:2      | Found a shadowy altar of Dithmenos.
  2772 | D:3      | Noticed Robin
  2802 | D:3      | Reached XP level 5. HP: 38/39 MP: 0/0
  2802 | D:3      | Learned a level 2 spell: Slow
  2892 | D:2      | Killed Robin
  4124 | D:4      | Found a sand-covered staircase.
  4127 | D:4      | Noticed a necrophage
  4139 | D:4      | Killed a necrophage
  4140 | D:4      | Reached XP level 6. HP: 35/45 MP: 0/0
  4167 | Ossuary  | Entered an ossuary
  4184 | Ossuary  | Reached skill level 1 in Slings
  4429 | Ossuary  | Reached skill level 1 in Maces & Flails
  4896 | D:4      | Reached skill level 1 in Spellcasting
  4897 | D:4      | Found a transporter.
  4921 | D:4      | Found a transporter.
  5392 | D:4      | Reached XP level 7. HP: 40/50 MP: 0/0
  5392 | D:4      | Learned a level 3 spell: Conjure Flame
  5627 | D:4      | Noticed a water moccasin
  5639 | D:4      | Killed a water moccasin
  6369 | D:5      | Entered Level 5 of the Dungeon
  6508 | D:4      | Slain by a sky beast

Illustrated notes

Levels and vault maps discovered:
D:1:      dpeg_arrival_boxorama, layout_loops_ring
D:2:      layout_basic, basic_altar, dreamdust_ecumenical_altar_drowned_temple,
          st_stairs_13
D:3:      layout_basic, minmay_misc_feat_diagonals, minmay_misc_feat_rows,
          minivault_4, uniq_robin
D:4:      gammafunk_wand_slinger, layout_cave_pools,
          nicolae_ossuary_entry_monument, gup_sewer_entry_bubbles
D:5:      layout_cave_pools, minmay_temple_entry_trees, minmay_quadrilaterals

Skill      XL: |  1  2  3  4  5  6  7 |
---------------+----------------------+-----
Axes           | 3 |  3.5
Armour         | 1 2 3 |  3.3
Slings         | 1 |  1.1
Maces & Flails | 1 2 |  2.4
Spellcasting   | 1 |  1.7
Fighting       | 3 |  3.6
Throwing       | |  1.9
Dodging        | |  3.8
Stealth        | |  0.1

Action                   |  1- 3 |  4- 6 |  7- 9 || total
-------------------------+-------+-------+-------++-------
Melee: War axe           |    91 |    77 |       ||   168
       Mace              |       |   193 |    74 ||   267
 Fire: Hunting sling     |       |    25 |       ||    25
Throw: Dart              |     4 |     4 |     2 ||    10
       Throwing net      |     3 |     2 |       ||     5
       Stone             |       |    21 |       ||    21
  Use: Potion            |       |     1 |     2 ||     3
Armor: Leather armour    |    16 |    26 |       ||    42
       Chain mail        |    32 |       |       ||    32
       Ring mail         |       |    90 |    36 ||   126
Dodge: Dodged            |    43 |   199 |    48 ||   290
